 Dungeon Crawl Stone Soup version 0.30-a0-134-gb40fab5c76 (webtiles) character file.

Game seed: 7295900983217542396

3400 zxpr0jk the Frost Mage (level 9, -5/62 HPs)
             Began as a White Draconian Ice Elementalist on Sept 19, 2022.
             Was an Initiate of Ru.
             Slain by a vampire (18 damage)
             ... on level 7 of the Dungeon.
             The game lasted 00:34:55 (10056 turns).

zxpr0jk the Frost Mage (DrIE)                      Turns: 10056, Time: 00:34:55

Health: -5/62      AC: 17    Str: 15    XL:     9   Next: 75%
Magic:  13/16      EV: 11    Int: 16    God:    Ru [......]
Gold:   226        SH:  6    Dex: 13    Spells: 14/21 levels left

rFire   . . .      SeeInvis .    q - +0 trident
rCold   + + .      Faith    .    i - +0 buckler
rNeg    . . .      Spirit   .    (body armour unavailable)
rPois   +          Reflect  .    (helmet restricted)
rElec   +          Harm     .    (no cloak)
rCorr   +          Rampage  .    j - +1 pair of gloves
Will    .....                    (no boots)
Stlth   ++........               (no amulet)
HPRegen 0.20/turn                l - ring of flight
MPRegen 0.15/turn                (no ring)

@: brilliant, ice-armoured, short of breath, resistant, flying, hasted,
invisible, very quick
A: breathe frost, AC +7, unfitting armour, cold resistance 1, cold-blooded,
horns 1, low MP 1, strong 1, heat vulnerability 1
a: Breathe Frost, Renounce Religion


You were on level 7 of the Dungeon.
You worshipped Ru.
Ru was noncommittal.
You visited 1 branch of the dungeon, and saw 7 of its levels.
You also visited: Sewer.

You collected 226 gold pieces.

Inventory:

Hand Weapons
 q - a +0 trident (weapon)
Armour
 i - a +0 buckler (worn)
 j - a +1 pair of gloves (worn)
Magical Staves
 b - a staff of fire
Jewellery
 l - a ring of flight (left hand)
Wands
 v - a wand of polymorph (6)
Scrolls
 f - a scroll of teleportation
 h - a scroll of enchant weapon {unknown}
 m - a scroll of enchant armour {unknown}
 n - 2 scrolls of silence
 o - 2 scrolls of vulnerability {unknown}
 r - 2 scrolls of identify
 s - a scroll of immolation {unknown}
Potions
 a - 3 potions of magic
 c - a potion of cancellation
 d - 2 potions of heal wounds
 e - a potion of invisibility
 g - 2 potions of curing
 k - 2 potions of brilliance
 p - a potion of degeneration


   Skills:
 - Level 1.7 Dodging
 - Level 1.7 Stealth
 - Level 7.1 Shields
 + Level 6.5 Spellcasting
 * Level 12.4 Ice Magic


You had 14 spell levels left.
You knew the following spells:

 Your Spells              Type           Power      Damage    Failure   Level
a - Freeze                Ice            100%       1d11      1%          1
b - Ozocubu's Armour      Ice            61%        N/A       1%          3
c - Teleport Other        Tloc           7%         N/A       43%         3

Your spell library contained the following spells:

 Spells                   Type           Power      Damage    Failure   Level
 Frozen Ramparts          Ice            100%       1d16      1%          3
 Hailstorm                Conj/Ice       37%        3d9       12%         4
 Cigotuvi's Dreadful Rot  Necr/Pois/Air  14%        N/A       24%         2
 Poisonous Vapours        Pois/Air       14%        N/A       24%         2
 Gell's Gravitas          Tloc           7%         N/A       43%         3
 Inner Flame              Hex/Fire       7%         N/A       43%         3
 Lesser Beckoning         Tloc           7%         N/A       43%         3
 Portal Projectile        Hex/Tloc       14%        N/A       43%         3
 Tukima's Dance           Hex            7%         N/A       43%         3
 Cause Fear               Hex            3%         N/A       85%         4
 Blade Hands              Tmut           3%         N/A       99%         5
 Discord                  Hex            3%         N/A       100%        8


Dungeon Overview and Level Annotations

Branches:
Dungeon (7/15)             Temple (0/1) D:6           Sewer (visited)

Altars:
Fedhas
Kikubaaqudgha
Makhleb
Qazlal
Ru
Zin

Shops:
D:6 (

Annotations:
D:6 2 transporters, IdlyInterested's ghost, novice DsWn


Innate Abilities, Weirdness & Mutations

You can breathe waves of freezing cold which knock back foes.
Your icy white scales are hard. (AC +7)
You cannot fit into any form of body armour.
Your flesh is cold resistant. (rC+)
You are cold-blooded and may be slowed by cold attacks.
You have a pair of small horns on your head.
Your magical capacity is low. (-10% MP)
Your muscles are strong. (Str +4, Int/Dex -1)
You are vulnerable to heat. (rF-)


Message History

The vampire shoots a sling bullet.
The sling bullet hits you.
You are too injured to fight recklessly!
You are too injured to fight recklessly!
Okay, then.
Press: ? - help, v - describe, . - travel The floor, spattered with blood.
Reach: q) +0 trident
Press: ? - help, Dir - move target, f/p - vampire
Aim: a vampire, wielding a +0 sling and quivering stones (lightly damaged, strong, about 46% to evade your +0 trident)
You reach to attack!
You hit the vampire but do no damage.
The vampire is lightly damaged.
The vampire shoots a sling bullet.
The sling bullet barely misses you.
Reach: q) +0 trident
Press: ? - help, Dir - move target, f/p - vampire
Aim: a vampire, wielding a +0 sling and quivering stones (lightly damaged, strong, about 46% to evade your +0 trident)
You reach to attack!
You closely miss the vampire.
The vampire is lightly damaged.
The vampire shoots a sling bullet.
The sling bullet hits you!
* * * LOW HITPOINT WARNING * * *
Reach: q) +0 trident
Press: ? - help, Dir - move target, f/p - vampire
Aim: a vampire, wielding a +0 sling and quivering stones (lightly damaged, strong, about 46% to evade your +0 trident)
You reach to attack!
You hit the vampire but do no damage.
The vampire is lightly damaged.
The vampire shoots a sling bullet.
The sling bullet barely misses you.
Reach: q) +0 trident
Press: ? - help, Dir - move target, f/p - vampire
Aim: a vampire, wielding a +0 sling and quivering stones (lightly damaged, strong, about 46% to evade your +0 trident)
You reach to attack!
You hit the vampire but do no damage.
The vampire is lightly damaged.
Unknown command.
Reach: q) +0 trident
Press: ? - help, Dir - move target, f/p - vampire
Aim: a vampire, wielding a +0 sling and quivering stones (lightly damaged, strong, about 46% to evade your +0 trident)
You hit the vampire but do no damage. Your headbutt misses the vampire.
The vampire is lightly damaged.
The vampire unwields a +0 sling.
The vampire hits you.
* * * LOW HITPOINT WARNING * * *
The vampire bites you!!
You die...

#.....#....................
######################..........
.....................#..........
.....................#..........
.....................###'##.....
...........##...####'##...#.....
'############...##...##...# ....
.......#...##.............+
.......#........@V........#
.......#..................#
.......#.............##...#
.......######...##...######
'####.......#...##...#
....#.......#........#
....#.......#........#
....#.......#........#
....#.......#........#


You could see a vampire (strong).

Vanquished Creatures
  Sigmund (D:5)
  6 yaks
  A steam dragon (D:5)
  Duvessa (D:4)
  2 water moccasins
  An ice beast (D:6)
  A sky beast (D:7)
  A black bear (D:4)
  An ogre (D:5)
  2 kobold brigands
  A necrophage (D:6)
  3 bullfrogs
  5 scorpions
  Dowan (D:4)
  4 killer bees (D:7)
  A howler monkey (D:7)
  6 hounds
  A gnoll bouda (D:7)
  An orc wizard (D:6)
  11 gnolls
  5 river rats (Sewer)
  10 adders
  A shadow imp (D:5)
  2 ufetubi (D:5)
  2 worms
  4 dart slugs
  9 orcs
  4 bats
  5 endoplasms
  A giant cockroach (D:6)
  6 goblins
  10 hobgoblins
  5 jackals
  A quokka (D:4)
  13 ball pythons
  4 frilled lizards
  31 kobolds
  21 rats (Sewer)
185 creatures vanquished.

Vanquished Creatures (others)
  2 plants (D:3)
2 creatures vanquished.

Grand Total: 187 creatures vanquished

Notes
Turn   | Place    | Note
-------+----------+-------------------------------------------
     0 | D:1      | zxpr0jk the Draconian Ice Elementalist began the quest for
                  | the Orb.
     0 | D:1      | Reached XP level 1. HP: 14/14 MP: 3/3
   443 | D:1      | Reached XP level 2. HP: 20/20 MP: 5/5
   465 | D:1      | Found a faded altar of an unknown god.
  1045 | D:2      | Reached XP level 3. HP: 21/26 MP: 1/6
  1777 | D:3      | Found a stormy altar of Qazlal.
  1903 | D:3      | Reached skill level 5 in Ice Magic
  1974 | D:3      | Found a glowing drain.
  2203 | D:3      | Learned a level 3 spell: Ozocubu's Armour
  2206 | Sewer    | Entered a sewer
  2217 | Sewer    | Learned a level 3 spell: Teleport Other
  2250 | Sewer    | Noticed a kobold brigand
  2269 | Sewer    | Killed a kobold brigand
  2270 | Sewer    | Reached XP level 4. HP: 10/33 MP: 4/8
  2532 | Sewer    | Reached XP level 5. HP: 3/38 MP: 2/9
  3955 | D:3      | Found a burning altar of Makhleb.
  4062 | D:3      | Reached XP level 6. HP: 38/45 MP: 10/10
  4211 | D:3      | Found a blossoming altar of Fedhas.
  4433 | D:3      | Reached skill level 5 in Shields
  4706 | D:3      | Found a glowing silver altar of Zin.
  4753 | D:4      | Noticed Dowan
  5018 | D:4      | Gained mutation: Your muscles are strong. (Str +4, Int/Dex
                  | -1) [potion of mutation]
  5018 | D:4      | Gained mutation: You are vulnerable to heat. (rF-) [potion
                  | of mutation]
  5018 | D:4      | Gained mutation: Your tail ends in a venomous barb. [potion
                  | of mutation]
  5018 | D:4      | Gained mutation: You possess an exceptional clarity of
                  | mind. [potion of mutation]
  5685 | D:4      | Your scales start taking on an icy white colour.
  5685 | D:4      | Reached skill level 6 in Ice Magic
  5685 | D:4      | Reached XP level 7. HP: 37/50 MP: 1/11
  5685 | D:4      | Gained mutation: Your flesh is cold resistant. (rC+) [White
                  | Draconian growth]
  5685 | D:4      | Lost mutation: Your tail ends in a venomous barb. [potion
                  | of mutation]
  5685 | D:4      | Lost mutation: You possess an exceptional clarity of mind.
                  | [potion of mutation]
  5685 | D:4      | Gained mutation: Your magical capacity is low. (-10% MP)
                  | [potion of mutation]
  5685 | D:4      | Gained mutation: You have a pair of small horns on your
                  | head. [potion of mutation]
  5858 | D:4      | Noticed Duvessa
  5881 | D:4      | Killed Duvessa
  5889 | D:4      | Killed Dowan
  6281 | D:5      | Entered Level 5 of the Dungeon
  6684 | D:5      | Reached skill level 7 in Ice Magic
  6896 | D:5      | Noticed a steam dragon
  6902 | D:5      | Noticed Sigmund
  6906 | D:5      | Killed a steam dragon
  6907 | D:5      | Reached XP level 8. HP: 31/57 MP: 2/12
  6957 | D:5      | Killed Sigmund
  6958 | D:5      | Reached skill level 8 in Ice Magic
  7220 | D:5      | Found an ancient bone altar of Kikubaaqudgha.
  7589 | D:5      | Reached skill level 9 in Ice Magic
  7904 | D:5      | Reached skill level 5 in Spellcasting
  7904 | D:5      | Reached skill level 10 in Ice Magic
  8201 | D:6      | Reached XP level 9. HP: 62/62 MP: 15/15
  8314 | D:6      | Found a staircase to the Ecumenical Temple.
  8346 | D:6      | Found Pusubitu's Antique Weapon Boutique.
  8477 | D:6      | Reached skill level 11 in Ice Magic
  8635 | D:6      | Found a sacrificial altar of Ru.
  8673 | D:6      | Became a worshipper of Ru the Awakened
  9133 | D:6      | Found a transporter.
  9138 | D:6      | Noticed IdlyInterested's ghost (novice DsWn)
  9150 | D:6      | Found a transporter.
  9562 | D:7      | Reached skill level 12 in Ice Magic
 10056 | D:7      | Slain by a vampire

Illustrated notes

Levels and vault maps discovered:
D:1:      minmay_arrival_five_plusses, layout_rooms,
          shapermc_ecumenical_altar_starsandcircs, serial_co_window_serial,
          co_window_corner_a, co_window_paths_a, co_window_paths_a,
          co_window_corner_a, co_window_corner_a, co_window_of_opportunity_c,
          co_window_broadway_a, co_window_corner_b, co_window_of_opportunity_b,
          glass_columns_b, glass_columns_a, glass_columns_a, glass_columns_b,
          glass_columns_b, chequers_decorated_corner
D:2:      layout_basic, nicolae_kite_square_tiling_tiny,
          kennysheep_generic_room_2
D:3:      cheibrodos_thug_alley, layout_basic, mainiacjoe_overflow_alcove_4,
          fedhas_altar_3, nicolae_qazlal_general_emergency,
          mainiacjoe_overflow_cross_hatched, cheibrodos_sewer_entry_sluice,
          st_stairs_14, roderic_roman_lattice, minmay_door_square
D:4:      layout_basic, uniq_duvessa
D:5:      layout_cave_pools, kiku_gazebo_pond_becter, uniq_sigmund
D:6:      layout_rooms, nicolae_ru_great_annihilating_truth, temple_statues,
          gammafunk_ghost_stat_death, serial_shops, nicolae_inconvenience_store,
          hangedman_decor_diamond_cutter
D:7:      layout_gridville, gammafunk_ghost_smash

Skill      XL: |  1  2  3  4  5  6  7  8  9 |
---------------+----------------------------+-----
Ice Magic      | 5 6 7 10 12 | 12.4
Shields        | 2 3 4 6 7 |  7.1
Spellcasting   | 3 5 6 |  6.5
Dodging        | |  1.7
Stealth        | |  1.7

Action                   |  1- 3 |  4- 6 |  7- 9 || total
-------------------------+-------+-------+-------++-------
Melee: Dagger            |   130 |       |       ||   130
       Unarmed           |     2 |       |       ||     2
       Tailslap          |    11 |    28 |    33 ||    72
       Punch             |     1 |       |       ||     1
       Spear             |    32 |   244 |       ||   276
       Trident           |       |    45 |   352 ||   397
       Headbutt          |       |       |    45 ||    45
 Cast: Freeze            |    16 |    55 |    76 ||   147
       Ozocubu's Armour  |     1 |     2 |    17 ||    20
 Abil: Breathe Frost     |       |       |     9 ||     9
  Use: Potion            |     1 |     3 |    19 ||    23
       Scroll            |       |     8 |     1 ||     9
 Stab: Sleeping          |     3 |     3 |     4 ||    10
       Invisible         |       |       |     2 ||     2
Armor: Skin              |    54 |   106 |   180 ||   340
Dodge: Dodged            |    94 |   194 |   233 ||   521
Block: Buckler           |     6 |    85 |   118 ||   209

Table legend: (Time is in decaauts)
 A = Elapsed time spent in this place.
 B = Non-inter-level travel time spent in this place.
 C = Inter-level travel time spent in this place.
 D = Time resting spent in this place.
 E = Time spent auto-exploring this place.
 F = Levels seen in this place.
 G = Mean time per level.
                   A        B        C        D        E       F      G
               +--------+--------+--------+--------+--------+-----+--------+
         Total |  10199 |   9979 |    220 |   2451 |   5360 |   8 | 1274.9 |
       Dungeon |   8888 |   8668 |    220 |   1751 |   5193 |   7 | 1269.7 |
         Sewer |   1310 |   1310 |      0 |    700 |    167 |   1 | 1310.0 |
               +--------+--------+--------+--------+--------+-----+--------+

Top non-repeatable levels by time:
     D:3: 1932 daAuts
     D:5: 1780 daAuts
     D:4: 1432 daAuts
     D:6: 1394 daAuts
   Sewer: 1310 daAuts
     D:2: 1044 daAuts
     D:1: 662 daAuts
     D:7: 642 daAuts
